 Dungeon Crawl Stone Soup version 0.29-a0-582-ge82337ba6a (webtiles) character file.

Game seed: 15335366550905801794

165 spaghetti the Grave Robber (level 5, -2/37 HPs)
             Began as a Gnoll Necromancer on June 15, 2022.
             Slain by an orc
             ... wielding a +0 hand axe
              (4 damage)
             ... on level 3 of the Dungeon.
             The game lasted 00:05:07 (3506 turns).

spaghetti the Grave Robber (Gnoll Necromancer)      Turns: 3506, Time: 00:05:11

Health: -2/37      AC:  3    Str:  7    XL:     5   Next: 46%
Magic:  12/12      EV: 13    Int: 16    God:
Gold:   140        SH:  0    Dex: 13    Spells: 4/14 levels left

rFire   . . .      SeeInvis .   u - +3 quarterstaff (chaos) {staff}
rCold   . . .      Faith    .   (shield currently unavailable)
rNeg    . . .      Spirit   .   a - +0 robe
rPois   .          Reflect  .   (no helmet)
rElec   .          Harm     .   v - +0 cloak {Stlth+}
rCorr   .          Rampage  .   (no gloves)
Will    .....      Clarity  +   (no boots)
Stlth   ++........              (no amulet)
HPRegen 0.12/turn               (no ring)
MPRegen 0.13/turn               (no ring)

@: confused, ambrosia-drunk, attractive
A: fangs 1, strong nose, distributed training, clarity, MP-powered wands
a: no special abilities


You were on level 3 of the Dungeon.
You visited 1 branch of the dungeon, and saw 3 of its levels.

You collected 140 gold pieces.


Innate Abilities, Weirdness & Mutations

You have very sharp teeth.
Your uncanny sense of smell can sniff out nearby items.
Your experience applies equally to all skills.
You possess an exceptional clarity of mind.
You expend magic power (3 MP) to strengthen your wands.


   Skills:
 + Level 1.5 Fighting
 + Level 1.5 Short Blades
 + Level 1.5 Long Blades
 + Level 1.5 Axes
 + Level 1.5 Maces & Flails
 + Level 1.5 Polearms
 + Level 1.5 Staves
 + Level 1.5 Slings
 + Level 1.5 Bows
 + Level 1.5 Crossbows
 + Level 1.5 Throwing
 + Level 1.5 Armour
 + Level 4.8 Dodging
 + Level 4.4 Stealth
 + Level 1.5 Shields
 + Level 1.5 Unarmed Combat
 + Level 5.2 Spellcasting
 + Level 1.2 Conjurations
 + Level 1.2 Hexes
 + Level 1.2 Summonings
 + Level 7.2 Necromancy
 + Level 1.2 Translocations
 + Level 1.2 Transmutations
 + Level 1.2 Fire Magic
 + Level 1.2 Ice Magic
 + Level 1.2 Air Magic
 + Level 1.2 Earth Magic
 + Level 1.2 Poison Magic
 + Level 1.7 Invocations
 + Level 1.5 Evocations


You had 4 spell levels left.
You knew the following spells:

 Your Spells              Type           Power      Damage    Failure   Level
a - Necrotize             Necr           100%       1d9       1%          1
b - Animate Dead          Necr           27%        N/A       8%          4
c - Agony                 Necr           27%        N/A       22%         5

Your spell library contained the following spells:

 Spells                   Type           Power      Damage    Failure   Level
 Vampiric Draining        Necr           27%        2d7       2%          3
 Magic Dart               Conj           32%        1d4       9%          1
 Searing Ray              Conj           16%        2d5       14%         2
 Gell's Gravitas          Tloc           8%         N/A       26%         3
 Lesser Beckoning         Tloc           8%         N/A       26%         3
 Teleport Other           Tloc           8%         N/A       26%         3
 Fulminant Prism          Conj/Hex       4%         3d6       65%         4

Inventory:

Hand Weapons
 f - a +0 dagger {short}
   (You took it off a kobold on level 1 of the Dungeon)
 i - a +0 club {mace}
   (You found it on level 1 of the Dungeon)
 k - a +0 club {mace}
   (You took it off a gnoll on level 1 of the Dungeon)
 l - a +0 short sword {short}
   (You took it off a kobold on level 1 of the Dungeon)
 m - a +0 dagger {short}
   (You took it off a kobold on level 2 of the Dungeon)
 o - a +0 short sword {short}
   (You found it on level 2 of the Dungeon)
 p - a +0 spear {polearm}
   (You found it on level 2 of the Dungeon)
 q - the +1 short sword "Xemajug" {venom, rPois rC+ Str+5, short}
   (You took it off a goblin on level 2 of the Dungeon)

   It poisons the flesh of those it strikes.
   Str:       It affects your strength (+5).
   rC:        It protects you from cold.
   rPois:     It protects you from poison.
 u - a +3 quarterstaff of chaos (weapon) {staff}
   (You took it off Crazy Yiuf on level 2 of the Dungeon)
Missiles
 g - 89 stones (quivered) {throwing}
Armour
 a - a +0 robe (worn)
 v - a +0 cloak of stealth (worn)
   (You took it off Crazy Yiuf on level 2 of the Dungeon)
Scrolls
 c - a scroll of identify {@r1}
 d - a scroll of noise {!r}
 e - a scroll of vulnerability {!r!r}
 j - 2 scrolls of fear
Potions
 b - 2 potions of magic
 w - a potion of mutation {!q}

Dungeon Overview and Level Annotations

Branches:
Dungeon (3/15)

Altars:
Elyvilon
Fedhas

Annotations:
D:3 Grinder

#...#
#...#
#...#
###...##
ยง.....
#...#


#ooo# #o@.# ##### ###.# ....# โˆ† ######## You could see an orc priest and 3
orcs.


Message History

๐Ÿ˜• HP[-9]
You take 9 damage, and now have 28/37 hp.
MASSIVE DAMAGE!! (PAUSE) No previous command to re-do.
You aren't carrying any items that you can evoke.
Grinder blinks!
Grinder gestures at you. Pain shoots through your body!
* * * LOW HITPOINT WARNING * * *
๐Ÿ˜จ HP[-11]
You take 11 damage, and now have 17/37 hp.
MASSIVE DAMAGE!! (PAUSE)
As you read the scroll of teleportation {@r4}, it crumbles to dust.
You feel strangely unstable.
It was a potion of attraction.
You feel attractive to monsters. Grinder is attracted toward you.
Unknown command.
Unknown command.
Unknown command.
It was a potion of ambrosia.
You are confused.
You feel invigorated.
Your surroundings suddenly seem different. 2 orcs and an orc priest come into view.
An orc comes into view. It is wielding a +0 club.
The orc is attracted toward you. x2; The orc priest is attracted toward you.
The orc is attracted toward you. ๐Ÿ˜ฎ HP[+5]
You regained 5 hp, and now have 22/37 hp.
Unknown command.
Unknown command.
The orc shouts!
The orc priest shouts!
The orc shouts!
The orc priest calls down the wrath of Beogh upon you.
Beogh smites you!
* * * LOW HITPOINT WARNING * * *
The orc hits you with a +0 hand axe.
* * * LOW HITPOINT WARNING * * *
The orc hits you but does no damage.
Unknown command.
Unknown command. ๐Ÿ˜จ HP[-11]
You take 11 damage, and now have 11/37 hp.
MASSIVE DAMAGE!! (PAUSE) It was a potion of curing.
You feel better.
You feel less invigorated. The orc hits you with a +0 hand axe.
The orc hits you with a +0 flail. ๐Ÿ˜ฎ HP[+10]
You regained 10 hp, and now have 21/37 hp.
It was a potion of mutation.
You feel extremely strange.
Your thoughts seem clearer.
You feel your magical essence link to the dungeon's wands.
The orc priest barely misses you. The orc hits you with a +0 hand axe.
* * * LOW HITPOINT WARNING * * *
The orc is attracted toward you. ๐Ÿ˜จ HP[-4]
You take 4 damage, and now have 17/37 hp.
You are confused.
You feel invigorated. The orc barely misses you.
The orc priest invokes the aid of Beogh against you.
Beogh smites you!
* * * LOW HITPOINT WARNING * * *
The orc hits you with a +0 hand axe.
* * * LOW HITPOINT WARNING * * *
The orc barely misses you.
Unknown command.
Unknown command.
Unknown command.
Unknown command. ๐Ÿ˜ฑ HP[-14]
You take 14 damage, and now have 3/37 hp.
MASSIVE DAMAGE!! (PAUSE)
You miss the orc. Your bite misses the orc.
The orc hits you but does no damage. The orc priest closely misses you.
The orc barely misses you.
The orc hits you but does no damage. ๐Ÿ˜จ HP[+7]
You regained 7 hp, and now have 10/37 hp.
Unknown command.
Unknown command.
Unknown command.
You hit the orc.
The orc seems to grow stronger.
The orc priest invokes the aid of Beogh against you.
Beogh smites you!
* * * LOW HITPOINT WARNING * * *
The orc closely misses you. The orc hits you with a +0 hand axe.
* * * LOW HITPOINT WARNING * * *
The orc misses you. ๐Ÿ˜ฑ HP[-8]
You take 8 damage, and now have 2/37 hp.
MASSIVE DAMAGE!! (PAUSE) Unknown command.
Unknown command.
Unknown command.
Unknown command.
You miss the orc priest. The orc hits you with a +0 club.
* * * LOW HITPOINT WARNING * * *
The orc priest hits you with a +0 dagger.
* * * LOW HITPOINT WARNING * * *
The orc misses you. x2; The orc closely misses you.
The orc hits you with a +0 hand axe.
You die...

Skill      XL: |  1  2  3  4 |
---------------+-------------+-----
Spellcasting   | 5 |  5.2
Invocations    | 1 |  1.7
Fighting       | 1 |  1.5
Short Blades   | 1 |  1.5
Long Blades    | 1 |  1.5
Axes           | 1 |  1.5
Maces & Flails | 1 |  1.5
Polearms       | 1 |  1.5
Staves         | 1 |  1.5
Slings         | 1 |  1.5
Bows           | 1 |  1.5
Crossbows      | 1 |  1.5
Throwing       | 1 |  1.5
Armour         | 1 |  1.5
Shields        | 1 |  1.5
Unarmed Combat | 1 |  1.5
Evocations     | 1 |  1.5
Conjurations   | 1 |  1.2
Hexes          | 1 |  1.2
Summonings     | 1 |  1.2
Translocations | 1 |  1.2
Transmutations | 1 |  1.2
Fire Magic     | 1 |  1.2
Ice Magic      | 1 |  1.2
Air Magic      | 1 |  1.2
Earth Magic    | 1 |  1.2
Poison Magic   | 1 |  1.2
Dodging        | |  4.8
Stealth        | |  4.4
Necromancy     | |  7.2

Action                   |  1- 3 |  4- 6 || total
-------------------------+-------+-------++-------
Melee: Unarmed           |    12 |       ||    12
       Bite              |     1 |     5 ||     6
       Short sword       |       |    12 ||    12
       Quarterstaff      |       |    15 ||    15
Throw: Dart              |       |     4 ||     4
 Cast: Necrotize         |    63 |    43 ||   106
Invok: Renounce Religion |     1 |       ||     1
  Use: Scroll            |       |     7 ||     7
       Potion            |       |     5 ||     5
 Stab: Sleeping          |     3 |     1 ||     4
Armor: Robe              |    10 |    12 ||    22
Dodge: Dodged            |    46 |    45 ||    91

Levels and vault maps discovered:
D:1:      dpeg_arrival_ternary, layout_loops_ring,
          hellmonk_ecumenical_altar_run_dry
D:2:      layout_loops_corners, uniq_robin, uniq_crazy_yiuf_cottage
D:3:      layout_basic, mainiacjoe_overflow_six_doors_small, uniq_grinder

Notes
Turn   | Place    | Note
-------+----------+-------------------------------------------
     0 | D:1      | spaghetti the Gnoll Necromancer began the quest for the
                  | Orb.
     0 | D:1      | Reached XP level 1. HP: 13/13 MP: 6/6
     0 | D:1      | magus.rc [v1.9.6]
   141 | D:1      | You pick up a book of Conjurations {@e2} and begin
                  | reading...
   141 | D:1      | You add the spells Magic Dart, Searing Ray and Fulminant
                  | Prism to your library.
   284 | D:1      | Reached XP level 2. HP: 9/19 MP: 3/7
   548 | D:1      | Found a faded altar of an unknown god.
   672 | D:1      | Prayed at the altar of an unknown god.
   672 | D:1      | Became a worshipper of Elyvilon the Healer
   672 | D:1      | Reached * piety under Elyvilon
   695 | D:1      | Fell from the grace of Elyvilon
  1120 | D:1      | Reached XP level 3. HP: 25/25 MP: 7/9
  1129 | D:1      | Reached skill level 5 in Spellcasting
  1404 | D:2      | Reached skill level 1 in Invocations
  1522 | D:2      | Found a runed translucent door.
  1523 | D:2      | Noticed Crazy Yiuf
  1783 | D:2      | Reached skill level 1 in Fighting
  1783 | D:2      | Reached skill level 1 in Short Blades
  1783 | D:2      | Reached skill level 1 in Long Blades
  1783 | D:2      | Reached skill level 1 in Axes
  1783 | D:2      | Reached skill level 1 in Maces & Flails
  1783 | D:2      | Reached skill level 1 in Polearms
  1783 | D:2      | Reached skill level 1 in Staves
  1783 | D:2      | Reached skill level 1 in Slings
  1783 | D:2      | Reached skill level 1 in Bows
  1783 | D:2      | Reached skill level 1 in Crossbows
  1783 | D:2      | Reached skill level 1 in Throwing
  1783 | D:2      | Reached skill level 1 in Armour
  1783 | D:2      | Reached skill level 1 in Shields
  1783 | D:2      | Reached skill level 1 in Unarmed Combat
  1783 | D:2      | Reached skill level 1 in Evocations
  1870 | D:2      | Identified the +1 short sword "Xemajug" {venom, rPois rC+
                  | Str+5}
  1907 | D:2      | Reached XP level 4. HP: 23/32 MP: 3/11
  2572 | D:2      | Reached skill level 1 in Conjurations
  2572 | D:2      | Reached skill level 1 in Hexes
  2572 | D:2      | Reached skill level 1 in Summonings
  2572 | D:2      | Reached skill level 1 in Translocations
  2572 | D:2      | Reached skill level 1 in Transmutations
  2572 | D:2      | Reached skill level 1 in Fire Magic
  2572 | D:2      | Reached skill level 1 in Ice Magic
  2572 | D:2      | Reached skill level 1 in Air Magic
  2572 | D:2      | Reached skill level 1 in Earth Magic
  2572 | D:2      | Reached skill level 1 in Poison Magic
  2582 | D:2      | Noticed Robin
  2592 | D:2      | Killed Robin
  2601 | D:2      | HP: 7/32 [goblin/+0 club[Robin] (3)]
  2920 | D:2      | Killed Crazy Yiuf
  2921 | D:2      | Reached XP level 5. HP: 13/37 MP: 8/12
  3277 | D:3      | You pick up a book of Displacement and begin reading...
  3277 | D:3      | You add the spells Lesser Beckoning, Gell's Gravitas and
                  | Teleport Other to your library.
  3283 | D:3      | Learned a level 4 spell: Animate Dead
  3289 | D:3      | Learned a level 5 spell: Agony
  3309 | D:3      | Found a blossoming altar of Fedhas.
  3488 | D:3      | Noticed Grinder
  3502 | D:3      | Gained mutation: You possess an exceptional clarity of
                  | mind. [potion of mutation]
  3502 | D:3      | Gained mutation: You expend magic power (3 MP) to
                  | strengthen your wands. [potion of mutation]
  3503 | D:3      | HP: 9/37 [orc priest/divine providence (13)]
  3503 | D:3      | HP: 3/37 [orc/+0 hand axe (6)]
  3506 | D:3      | Slain by an orc

Vanquished Creatures
  Crazy Yiuf (D:2)
  Robin (D:2)
  A gnoll (D:1)
  5 adders
  2 worms (D:2)
  6 ball pythons
  3 endoplasms
  3 giant cockroaches
  9 goblins (D:2)
  5 hobgoblins
  6 jackals (D:1)
  5 kobolds
  A quokka (D:1)
  5 bats
  A frilled lizard (D:1)
  9 rats
63 creatures vanquished.

Vanquished Creatures (collateral kills)
  A goblin (D:2)
1 creature vanquished.

Grand Total: 64 creatures vanquished

Table legend:
 A = Non-vault XP
 B = Vault XP
 C = Vault XP percentage of total XP
 D = Non-vault monster count
 E = Vault monster count
 F = Vault count percentage of total count
                 A         B        C        D         E       F
            +---------+---------+-------+---------+---------+-------
      Total |     160 |      77 |  32.5 |      51 |      13 |  20.3
            +---------+---------+-------+---------+---------+-------
        D:1 |      52 |       0 |   0.0 |      24 |       0 |   0.0
        D:2 |      72 |      77 |  51.7 |      19 |      13 |  40.6
        D:3 |      36 |       0 |   0.0 |       8 |       0 |   0.0
            +---------+---------+-------+---------+---------+-------

Illustrated notes

Table legend:
 A = Kills in this place as a percentage of kills in entire the game.
 B = Kills by you in this place as a percentage of kills by you in the entire game.
 C = Kills by friends in this place as a percentage of kills by friends in the entire game.
 D = Other kills in this place as a percentage of other kills in the entire game.
 E = Experience gained in this place as a percentage of experience gained in the entire game.
 F = Experience gained in this place divided by the number of levels of this place that you have seen.
                   A       B       C       D       E      F
               +-------+-------+-------+-------+-------+----------------------
         Total | 100.0 | 100.0 | 100.0 |   N/A | 100.0 |  79.0
       Dungeon | 100.0 | 100.0 | 100.0 |   N/A | 100.0 |  79.0
               +-------+-------+-------+-------+-------+----------------------

Table legend: (Time is in decaauts)
 A = Elapsed time spent in this place.
 B = Non-inter-level travel time spent in this place.
 C = Inter-level travel time spent in this place.
 D = Time resting spent in this place.
 E = Time spent auto-exploring this place.
 F = Levels seen in this place.
 G = Mean time per level.
                   A        B        C        D        E       F      G
               +--------+--------+--------+--------+--------+-----+--------+
         Total |   3507 |   3421 |     86 |      0 |   3031 |   3 | 1169.0 |
       Dungeon |   3507 |   3421 |     86 |      0 |   3031 |   3 | 1169.0 |
               +--------+--------+--------+--------+--------+-----+--------+

Top non-repeatable levels by time:
     D:2: 1775 daAuts
     D:1: 1396 daAuts
     D:3: 336 daAuts
